 Dungeon Crawl Stone Soup version 0.31.0-11-ge490571c62 (webtiles) character file.

Game seed: 2922979329422596276

60 qw the Shooter (level 3, 0/20 HPs)
             Began as a Deep Elf Hunter on Feb 3, 2024.
             Slain by a hobgoblin (1 damage)
             ... led by Robin
             ... on level 2 of the Dungeon.
             The game lasted 00:00:04 (654 turns).

qw the Shooter (Deep Elf Hunter)                     Turns: 654, Time: 00:00:04

Health: 0/20       AC:  6    Str: 10    XL:     3   Next: 82%
Magic:  5/5        EV: 11    Int: 13    God:
Gold:   97         SH:  0    Dex: 18    Spells: 2/2 levels left

rFire   . . .        a - +0 shortbow
rCold   . . .        (shield currently unavailable)
rNeg    . . .        f - +1 ring mail
rPois   .            (no helmet)
rElec   .            (no cloak)
rCorr   .            (no gloves)
SInv    .            (no boots)
Will    .....        (no amulet)
Stlth   +            (no ring)
HPRegen 0.23/turn    (no ring)
MPRegen 0.09/turn

%: no passive effects
@: no status effects
A: no striking features
a: no special abilities


You were on level 2 of the Dungeon.
You visited 1 branch of the dungeon, and saw 2 of its levels.

You collected 97 gold pieces.


   Skills:
 - Level 1.5 Fighting
 + Level 7.3 Ranged Weapons
 - Level 2.4 Dodging
 - Level 1.2 Stealth


You had 2 spell levels left.
You didn't know any spells.
Your spell library was empty.

Inventory:

Hand Weapons
 a - a +0 shortbow (weapon)
Armour
 f - a +1 ring mail (worn)
Scrolls
 b - a scroll of immolation {unknown}
 d - 4 scrolls of teleportation
Potions
 e - a potion of curing
 g - 3 potions of might {unknown}

Dungeon Overview and Level Annotations

Branches:
Dungeon (2/15)

Altars:

Annotations:
D:2 Robin


Message History

The goblin hits you but does no damage. x2
An endoplasm comes into view.
You shoot an arrow. The arrow hits the goblin!
You kill the goblin!
The goblin hits you but does no damage. x2
Robin roars a battlecry!
The goblins go into a battle-frenzy!
The goblin misses you.
A hobgoblin comes into view.
You shoot an arrow. The arrow hits the goblin.
The goblin is moderately wounded.
The goblin hits you with a +0 dagger. The goblin closely misses you.
The goblin misses you.
You shoot an arrow. The arrow closely misses the goblin.
The goblin closely misses you. The goblin barely misses you.
The goblin hits you with a +0 dagger.
You shoot an arrow. The arrow barely misses the goblin.
The goblin barely misses you. The goblin hits you but does no damage.
The goblin closely misses you.
You shoot an arrow. The arrow closely misses the goblin.
The goblin hits you but does no damage. The goblin hits you with a +0 dagger.
The goblin hits you but does no damage.
You shoot an arrow. The arrow hits the goblin.
You kill the goblin!
The goblin barely misses you.
The endoplasm jiggles.
The hobgoblin hits you but does no damage.
The goblin closely misses you. The goblin hits you with a +0 dagger.
You shoot an arrow. The arrow closely misses the goblin.
The goblin closely misses you. The hobgoblin misses you.
The goblin barely misses you.
You shoot an arrow. The arrow barely misses the goblin.
The goblin hits you but does no damage. The goblin barely misses you.
The hobgoblin barely misses you.
You shoot an arrow. The arrow hits the goblin.
The goblin is moderately wounded.
The goblin hits you with a +0 dagger. x2; The hobgoblin hits you.
You shoot an arrow. The arrow closely misses the goblin.
The goblin hits you with a +0 dagger. x2; The hobgoblin hits you.
You die...

#.# #.# #.#
##########.#
........##.#
#.......#
#.##.####
###g##.#
#.Jgg@.# #
...))ggg........
..)(#.#..###.###
.#. #.#..# #
#..# #%.# ...#
#.##


You could see Robin, an endoplasm, 3 hobgoblins and 2 goblins.

Vanquished Creatures
  An adder (D:2)
  2 dart slugs (D:1)
  3 bats
  An endoplasm (D:1)
  3 giant cockroaches
  11 goblins
  5 hobgoblins
  2 jackals (D:1)
  3 quokkas (D:1)
  5 ball pythons
  2 frilled lizards
  2 kobolds (D:2)
  2 rats
42 creatures vanquished.

Notes
Turn   | Place    | Note
-------+----------+-------------------------------------------
     0 | D:1      | qw the Deep Elf Hunter began the quest for the Orb.
     0 | D:1      | Reached XP level 1. HP: 12/12 MP: 3/3
     0 | D:1      | 0 ||| qw: Version: 0.3-a-155-g5e7d8dd
     0 | D:1      | 0 ||| qw: Game counter: 3353
     0 | D:1      | 0 ||| qw: Melee chars always use a shield: true
     0 | D:1      | 0 ||| qw: God list: Okawaru
     0 | D:1      | 0 ||| qw: Allow faded altars: false
     0 | D:1      | 0 ||| qw: Do Orc after clearing Dungeon:15 true
     0 | D:1      | 0 ||| qw: Do second Lair branch before Depths: true
     0 | D:1      | 0 ||| qw: Lair rune preference: random
     0 | D:1      | 0 ||| qw: Goals: Normal
     0 | D:1      | 0 ||| PLANNING D:1-11
    70 | D:1      | Reached skill level 6 in Ranged Weapons
    70 | D:1      | Reached XP level 2. HP: 16/16 MP: 4/4
   199 | D:1      | Found a faded altar of an unknown god.
   283 | D:1      | Reached XP level 3. HP: 20/20 MP: 5/5
   355 | D:1      | 355 ||| UPGRADING to +0 ring mail.
   365 | D:1      | 365 ||| DROPPING +0 leather armour.
   366 | D:1      | 366 ||| READING 4 scrolls labelled IVIDESSY GAALELLI.
   371 | D:1      | 371 ||| READING scroll labelled NESOPIPN RYJO.
   371 | D:1      | 371 ||| IDENTIFYING green potion
   372 | D:1      | 372 ||| READING scroll labelled BUHOES BOTAPN.
   372 | D:1      | 372 ||| ENCHANTING +0 ring mail.
   373 | D:1      | 373 ||| READING scroll labelled ATAG AG JOH.
   374 | D:1      | 374 ||| DROPPING scroll of butterflies.
   450 | D:2      | Reached skill level 7 in Ranged Weapons
   639 | D:2      | Noticed Robin
   654 | D:2      | HP: 4/20 [goblin/+0 dagger[Robin] (5)]
   654 | D:2      | HP: 1/20 [goblin/+0 dagger[Robin] (3)]
   654 | D:2      | Slain by a hobgoblin

Levels and vault maps discovered:
D:1:      moated_graveyard_arrival, layout_rooms,
          hellmonk_ecumenical_altar_lost_god
D:2:      layout_loops_ring, dilly_guarded_unrand_morg, uniq_robin, uniq_sigmund

Skill      XL: |  1  2  3 |
---------------+----------+-----
Ranged Weapons | 6 7 |  7.3
Fighting       | |  1.5
Dodging        | |  2.4
Stealth        | |  1.2

Action                     || total
---------------------------++-------
   Fire: Shortbow          ||   116
    Use: Scroll            ||     4
 Armour: Leather armour    ||     6
         Ring mail         ||    29
  Dodge: Dodged            ||    33

Table legend:
 A = Non-vault XP
 B = Vault XP
 C = Vault XP percentage of total XP
 D = Non-vault monster count
 E = Vault monster count
 F = Vault count percentage of total count
                 A         B        C        D         E       F
            +---------+---------+-------+---------+---------+-------
      Total |      75 |      12 |  13.8 |      35 |       7 |  16.7
            +---------+---------+-------+---------+---------+-------
        D:1 |      45 |       0 |   0.0 |      23 |       0 |   0.0
        D:2 |      30 |      12 |  28.6 |      12 |       7 |  36.8
            +---------+---------+-------+---------+---------+-------
